 Dungeon Crawl Stone Soup version 0.24.0-2-g5b39cebb1c (webtiles) character file.

Game seed: 5307283056608448321, levelgen mode: deterministic

373 floatboth the Skirmisher (level 6, -1/57 HPs)
             Began as a Minotaur Fighter on Oct 30, 2019.
             Slain by a centaur (4 damage)
             ... on level 5 of the Dungeon.
             The game lasted 00:05:10 (1317 turns).

floatboth the Skirmisher (Minotaur Fighter)         Turns: 1317, Time: 00:05:10

Health: -1/57      AC:  8    Str: 22    XL:     6   Next: 43%
Magic:  5/5        EV: 12    Int:  6    God:
Gold:   77         SH: 10    Dex: 14    Spells: 5/5 levels left

rFire    + . .     SeeInvis .   a - +0 trident
rCold    . . .     Gourm    .   c - +0 shield
rNeg     . . .     Faith    .   b - +0 scale mail
rPois    .         Spirit   .   (helmet restricted)
rElec    .         Reflect  .   e - +0 cloak (curse)
rCorr    .         Harm     .   (no gloves)
MR       .....     Clarity  +   (no boots)
Stlth    +.........             (no amulet)
HPRegen  0.19/turn              (no ring)
MPRegen  0.09/turn              (no ring)

@: agile, lethally poisoned (-1 -> -2)
A: retaliatory headbutt, horns 2, clarity, fire resistance 1
a: no special abilities


You were on level 5 of the Dungeon.
You were hungry.

You visited 1 branch of the dungeon, and saw 6 of its levels.

You collected 77 gold pieces.

Inventory:

Hand Weapons
 a - a +0 trident (weapon)
Armour
 b - a +0 scale mail (worn)
 c - a +0 shield (worn)
 e - a cursed +0 cloak (worn)
 h - a cursed +0 robe
 n - a +3 leather armour
Jewellery
 k - an uncursed ring of ice {rC+, rF-}
Scrolls
 d - 2 scrolls of identify
 g - a scroll of enchant weapon {unknown}
 l - a scroll of remove curse {unknown}
 m - a scroll of amnesia {unknown}
 p - a scroll of enchant armour {unknown}
 t - a scroll of fog {unknown}
Potions
 i - a potion of magic
 s - a potion of brilliance {unknown}
Comestibles
 f - 7 rations


   Skills:
 * Level 6.2 Fighting
 + Level 4.2 Polearms
 + Level 5.1 Armour
 + Level 5.0 Shields


You had 5 spell levels left.
You didn't know any spells.
Your spell library was empty.

Dungeon Overview and Level Annotations

Branches:
Dungeon (6/15)
 Temple: D:4-7

Altars:
Fedhas


Innate Abilities, Weirdness & Mutations

You reflexively headbutt those who attack you in melee.
You have a pair of horns on your head.
You possess an exceptional clarity of mind.
Your flesh is heat resistant. (rF+)


Message History

Items here: ( ††† 3 poisoned darts; a worker ant corpse; a jackal corpse x2
You hit the centaur. Your headbutt misses the centaur.
The centaur is moderately wounded.
The centaur hits you.
* * * LOW HITPOINT WARNING * * *
You block the centaur's attack.
You hit the centaur.
The centaur is moderately wounded.
You feel sick.
The centaur hits you but does no damage.
The centaur hits you.
* * * LOW HITPOINT WARNING * * *
You puncture the centaur!
The centaur is severely wounded.
You block the centaur's attack.
You hit the centaur.
The centaur is almost dead.
You feel sick. The centaur hits you.
You die...

... ...... .. ....
###. .....
##.........
..##......
#########(##......
..(....(@c....(...
###.######.#.####
#####!#.#
..#...hh#%#
......h..h#
..PP...#((#
.PPPP.##..# #


PSPP. ##.###.###. P.PcP. #......... You could see a centaur.

Vanquished Creatures
  2 bullfrogs
  A howler monkey (D:4)
  2 hounds
  A centaur skeleton (D:4)
  A worker ant (D:5)
  5 adders
  A shadow imp (D:6)
  An adder skeleton (D:5)
  A worm (D:3)
  A leopard gecko (D:2)
  An orc (D:4)
  A giant cockroach (D:5)
  3 hobgoblins
  4 jackals (D:5)
  5 kobolds
  A quokka (D:2)
  2 bats
  2 goblins (D:3)
  4 rats
39 creatures vanquished.

Notes
Turn   | Place    | Note
-------+----------+-------------------------------------------
     0 | D:1      | floatboth the Minotaur Fighter began the quest for the Orb.
     0 | D:1      | Reached XP level 1. HP: 19/19 MP: 0/0
   208 | D:2      | Reached XP level 2. HP: 25/27 MP: 1/1
   284 | D:2      | Reached skill level 4 in Fighting
   360 | D:4      | Noticed a howler monkey
   369 | D:4      | Killed a howler monkey
   369 | D:4      | Reached skill level 3 in Polearms
   369 | D:4      | Reached skill level 4 in Armour
   369 | D:4      | Reached skill level 4 in Shields
   369 | D:4      | Reached XP level 3. HP: 31/34 MP: 2/2
   381 | D:4      | Reached XP level 4. HP: 28/41 MP: 3/3
   389 | D:4      | HP: 9/41 [orc/+0 mace (3)]
   390 | D:4      | HP: 3/41 [centaur skeleton (6)]
   406 | D:4      | HP: 4/41 [centaur skeleton (1)]
   408 | D:4      | Reached skill level 5 in Fighting
   409 | D:4      | HP: 1/42 [something (1)]
   956 | D:3      | Reached XP level 5. HP: 48/48 MP: 4/4
  1207 | D:5      | Entered Level 5 of the Dungeon
  1240 | D:6      | Reached skill level 6 in Fighting
  1240 | D:6      | Reached skill level 4 in Polearms
  1240 | D:6      | Reached XP level 6. HP: 33/57 MP: 5/5
  1276 | D:5      | Found a blossoming altar of Fedhas.
  1289 | D:5      | Reached skill level 5 in Armour
  1289 | D:5      | Reached skill level 5 in Shields
  1307 | D:5      | Gained mutation: You possess an exceptional clarity of
                  | mind. [potion of mutation]
  1307 | D:5      | Gained mutation: Your flesh is heat resistant. (rF+)
                  | [potion of mutation]
  1309 | D:5      | HP: 14/57 [poisoned by a worker ant]
  1314 | D:5      | HP: 7/57 [centaur (2)]
  1315 | D:5      | HP: 3/57 [centaur (3)]
  1317 | D:5      | Slain by a centaur

Levels and vault maps discovered:
D:1:      evilmike_arrival_crescent, layout_basic, minmay_small_reverse_x
D:2:      wander_river, layout_rooms
D:3:      layout_loops_ring, first_ration
D:4:      layout_cave_pools, minmay_misc_feat_secret_circle, dk_vineyard_2
D:5:      layout_basic, fedhas_bush_and_centaur_altar
D:6:      layout_basic, minmay_temple_entry_enclosed_plants, hex_tiny,
          uniq_grinder

Skill      XL: |  1  2  3  4  5  6 |
---------------+-------------------+-----
Fighting       | 4 5 6 |  6.2
Polearms       | 3 4 |  4.2
Armour         | 4 5 |  5.1
Shields        | 4 5 |  5.0

Action                   |  1- 3 |  4- 6 || total
-------------------------+-------+-------++-------
Melee: Trident           |    48 |    99 ||   147
       Headbutt          |     6 |    12 ||    18
Throw: Dart              |       |     9 ||     9
  Use: Scroll            |       |     2 ||     2
       Potion            |       |     4 ||     4
  Eat: Chunk             |       |     1 ||     1
Armor: Scale mail        |    27 |    55 ||    82
Dodge: Dodged            |    14 |    43 ||    57
Block: Shield            |    27 |    59 ||    86
